 Dungeon Crawl Stone Soup version 0.30.1-11-g7821555f0a (webtiles) character file.

Game seed: 223631212710220112

7 SacredBeard the Vexing (level 1, -2/11 HPs)
             Began as a Deep Elf Hexslinger on Oct 30, 2023.
             Slain by a kobold
             ... wielding a +0 vampiric short sword
              (4 damage)
             ... on level 1 of the Dungeon.
             The game lasted 00:01:29 (128 turns).

SacredBeard the Vexing (Deep Elf Hexslinger)         Turns: 128, Time: 00:01:29

Health: -2/11      AC:  4    Str:  7    XL:     1   Next: 91%
Magic:  5/5        EV: 12    Int: 17    God:
Gold:   23         SH:  0    Dex: 15    Spells: 2/3 levels left

rFire   . . .        a - +1 sling
rCold   . . .        (no shield)
rNeg    . . .        h - +0 leather armour
rPois   .            (no helmet)
rElec   .            (no cloak)
rCorr   .            g - +0 pair of gloves
SInv    .            (no boots)
Will    .....        (no amulet)
Stlth   +            (no ring)
HPRegen 0.21/turn    (no ring)
MPRegen 0.09/turn

%: no passive effects
@: no status effects
A: no striking features
a: no special abilities


You were on level 1 of the Dungeon.
You visited 1 branch of the dungeon, and saw 1 of its levels.

You collected 23 gold pieces.

Inventory:

Hand Weapons
 a - a +1 sling (weapon)
 f - a +4 dagger of draining
Armour
 g - a +0 pair of gloves (worn)
 h - a +0 leather armour (worn)
Scrolls
 b - a scroll of poison
 e - a scroll of identify {unknown}
Potions
 d - 2 potions of flight {unknown}


   Skills:
 + Level 0.9 Fighting
 * Level 3.0 Ranged Weapons
 + Level 0.0 Armour
 + Level 2.5 Dodging
 + Level 1.9 Spellcasting
 + Level 4.1 Hexes


You had 2 spell levels left.
You knew the following spells:

 Your Spells              Type           Power      Damage    Failure   Level
a - Slow                  Hex            60%        N/A       5%          1

Your spell library contained the following spells:

 Spells                   Type           Power      Damage    Failure   Level
 Inner Flame              Hex/Fire       8%         N/A       36%         3
 Portal Projectile        Hex/Tloc       16%        N/A       36%         3
 Cause Fear               Hex            7%         N/A       47%         4


Dungeon Overview and Level Annotations

Branches:
Dungeon (1/15) Zot: 5863

Altars:


Message History

The ball python bites you but does no damage.
The ball python barely misses you. The rat misses you.
You shoot a sling bullet. The sling bullet hits the ball python.
You kill the ball python!
A quokka comes into view.
The rat bites you but does no damage.
The quokka moves out of view.
Your Ranged Weapons skill increases to level 3!
You shoot a sling bullet.
The sling bullet closely misses the rat.
The kobold hits you but does no damage. The rat barely misses you.
The kobold attacks as you move away! The kobold hits you but does no damage.
The kobold throws a stone.
The stone misses you. The rat closely misses you.
You shoot a sling bullet. The sling bullet hits the rat!
You kill the rat!
You shoot a sling bullet.
The sling bullet closely misses the kobold.
The kobold barely misses you.
You shoot a sling bullet.
The sling bullet hits the kobold but does no damage.
The kobold barely misses you.
You shoot a sling bullet.
The sling bullet closely misses the kobold.
The sling bullet hits the frilled lizard.
You kill the frilled lizard!
The kobold hits you with a +0 vampiric short sword.
You are too injured to fight recklessly!
You are too injured to fight recklessly!
You are too injured to fight recklessly!
You are too injured to fight recklessly!
You shoot a sling bullet. The sling bullet hits the kobold.
The kobold is moderately wounded.
The kobold hits you with a +0 vampiric short sword.
The kobold draws strength from your wounds!
The kobold hits you with a +0 vampiric short sword.
* * * LOW HITPOINT WARNING * * *
You shoot a sling bullet.
The sling bullet closely misses the kobold.
The sling bullet hits the kobold but does no damage.
The kobold hits you with a +0 vampiric short sword.
You die...

........### ##.###.......>.#.#.
....###...####..###.............
...............###..............
...######......###.#.......#..#.
...# ##..##......#...........
..## #...#####.#.##.#........ .#
#.#.......#.>......#.##. #
#.####...##........#.# #.
#@##...###....> .. ##.##K#...##
..#... ## #....K..### ......
#$#.....K# ...#.. #....####....
.. ...## .....# .... ##.#.# ###
#.... #...


You could see 2 kobolds.

Vanquished Creatures
  A goblin (D:1)
  2 kobolds (D:1)
  2 ball pythons (D:1)
  2 frilled lizards (D:1)
  2 rats (D:1)
9 creatures vanquished.

Notes
Turn   | Place    | Note
-------+----------+-------------------------------------------
     0 | D:1      | SacredBeard the Deep Elf Hexslinger began the quest for the
                  | Orb.
     0 | D:1      | Reached XP level 1. HP: 11/11 MP: 5/5
   128 | D:1      | Slain by a kobold

Illustrated notes

Levels and vault maps discovered:
D:1:      dpeg_arrival_lava_altar, layout_rooms, minmay_small_reverse_x

Skill      XL: |  1 |
---------------+----+-----
Ranged Weapons | 3 |  3.0
Fighting       | |  0.9
Dodging        | |  2.5
Spellcasting   | |  1.9
Hexes          | |  4.1

Action                     || total
---------------------------++-------
   Fire: Sling             ||    27
 Armour: Leather armour    ||     5
         Robe              ||     1
  Dodge: Dodged            ||    10
